 Dungeon Crawl Stone Soup version 0.22-a0-849-gb5684aa (webtiles) character file.

132 MatthieuS the Skirmisher (level 4, 0/38 HPs)
             Began as a Centaur Warper on July 26, 2018.
             Killed from afar by an orc wizard (10 damage)
             ... with a magic dart
             ... on level 3 of the Dungeon.
             The game lasted 00:09:25 (2675 turns).

MatthieuS the Skirmisher (Centaur Warper)           Turns: 2675, Time: 00:09:25

Health: 0/38       AC:  4    Str: 14    XL:     4   Next: 92%
Magic:  7/7        EV:  9    Int: 12    God:
Gold:   126        SH:  0    Dex:  9    Spells: 5/7 levels left

rFire    . . .     SeeInvis .   a - +0 falchion
rCold    . . .     Gourm    .   (no shield)
rNeg     . . .     Faith    .   b - +0 leather armour
rPois    .         Spirit   .   (no helmet)
rElec    .         Reflect  .   (no cloak)
rCorr    .         Harm     .   (no gloves)
MR       .....                  (no barding)
Stlth    ..........             (no amulet)
HPRegen  0.12/turn              (no ring)
MPRegen  0.10/turn              (no ring)

@: very quick
A: large, hooves 3, deformed body, speed 2, tough skin 3
a: no special abilities


You were on level 3 of the Dungeon.
You were not hungry.

You visited 1 branch of the dungeon, and saw 3 of its levels.

You collected 126 gold pieces.

Inventory:

Hand Weapons
 a - a +0 falchion (weapon)
Missiles
 f - 5 tomahawks of dispersal (quivered) {!f}
 l - 7 tomahawks
Armour
 b - a +0 leather armour (worn)
Jewellery
 q - an uncursed amulet of regeneration {unknown}
   (You found it on level 3 of the Dungeon)
Scrolls
 d - 2 scrolls of blinking
 g - a scroll of fear {unknown}
 j - a scroll of amnesia {unknown}
 m - a scroll of remove curse {@r2}
 p - a scroll of teleportation {unknown}
 r - a scroll of immolation {unknown}
Potions
 c - 2 potions of degeneration {unknown}
 h - 2 potions of curing {unknown}
 i - 2 potions of heal wounds {@q2}
 n - a potion of agility {unknown}
 o - a potion of mutation {unknown}
Comestibles
 e - 3 rations


   Skills:
 + Level 3.0 Fighting
 + Level 2.8 Long Blades
 - Level 1.1 Throwing
 - Level 0.6 Armour
 + Level 2.2 Dodging
 + Level 2.3 Spellcasting
 - Level 2.6 Translocations


You had 5 spell levels left.
You knew the following spells:

 Your Spells              Type           Power        Failure   Level  Hunger
b - Blink                 Tloc           N/A          17%         2    ###....

Your spell library contained the following spells:

 Spells                   Type           Power        Failure   Level  Hunger
 Teleport Other           Tloc           #.......     32%         3    ####...
 Passage of Golubria      Tloc           N/A          73%         4    #####..
 Shroud of Golubria       Chrm/Tloc      #.........   28%         2    ###....
 Gell's Gravitas          Tloc           #.........   32%         3    ####...
 Lesser Beckoning         Tloc           #.........   32%         3    ####...


Dungeon Overview and Level Annotations

Branches:
Dungeon (3/15)

Altars:
Hepliaklqana


Innate Abilities, Weirdness & Mutations

You have hooves in place of feet.
Armour fits poorly on your strangely shaped body.
You cover ground very quickly.
You have extremely tough skin. (AC +3)


Message History

There is an open door here.
All of the chunks of flesh in your inventory have rotted away.
Found a stone staircase leading up.
There is a stone staircase leading up here.
Found 17 gold pieces.
You now have 113 gold pieces (gained 17).
Found a stone staircase leading up.
Found a brown potion.
Found a square silver amulet.
n - a brown potion
q - a square silver amulet
Found 13 gold pieces.
Found a scroll labeled BARADUILUT.
You now have 126 gold pieces (gained 13).
r - a scroll labeled BARADUILUT You are feeling hungry.
There is a stone staircase leading up here.
An orc comes into view. It is wielding a short sword.
The orc shouts!
An orc wizard comes into view. It is wielding a dagger.
The orc wizard shouts!
An orc wizard comes into view. It is wielding a dagger.
There is a stone staircase leading up here.
You eat one of the 4 rations.
That ration really hit the spot!
As you read the scroll labeled WYIF DAASTRAOR, it crumbles to dust.
You hear a loud clanging noise!
It was a scroll of noise.
Drop what? 18/52 slots (_ for help) (? for menu, Esc to quit)
You drop 2 scrolls of noise {!r}.
There is a stone staircase leading up here.
You hit the orc. The orc hits you but does no damage.
You hit the orc. Your kick misses the orc. The orc hits you but does no damage.
You hit the orc.
You kill the orc!
You hit the orc wizard. The orc wizard casts a spell at you.
The magic dart hits you!
You closely miss the orc wizard.
You kick the orc wizard, but do no damage.
The orc wizard casts a spell at you. You resist with some effort.
The orc wizard gestures at you while chanting.
The magic dart hits you!
You closely miss the orc wizard. The orc wizard hits you with a dagger.
* * * LOW HITPOINT WARNING * * *
The orc wizard hits you with a dagger.
* * * LOW HITPOINT WARNING * * *
The orc wizard points at you and mumbles some strange words.
The magic dart hits you!
You die...

#.###o# #.#.......# #.#+###.#
.......## #...##.##.# #....##.#
......# ######.##.###.....#.#
#.#.#...# ##...............#
.......o######...##.#..........
....................+..........
........######oo.##.#.........#
#...###.# #......##.......##
##. ..# #@########.....## #
#### #?# ##...## #.# ##+## #.#
########.# #.# #........# #.#
#.######.## #.###.#####...####
#..............#..
#####.........##.#


You could see 2 orc wizards.

Vanquished Creatures
  A worker ant (D:3)
  3 adders
  2 worms (D:2)
  4 dart slugs
  3 leopard geckos
  5 orcs
  A giant cockroach (D:3)
  9 goblins
  12 hobgoblins
  A quokka (D:3)
  6 bats
  4 frilled lizards
  2 kobolds (D:2)
  7 rats
60 creatures vanquished.

Notes
Turn   | Place    | Note
-------+----------+-------------------------------------------
     0 | D:1      | MatthieuS the Centaur Warper began the quest for the Orb.
     0 | D:1      | Reached XP level 1. HP: 17/17 MP: 3/3
   156 | D:1      | Reached XP level 2. HP: 21/24 MP: 4/4
   405 | D:1      | Learned a level 2 spell: Blink
   406 | D:1      | You fall through a shaft!
   432 | D:2      | Reached XP level 3. HP: 17/30 MP: 5/5
   999 | D:2      | Reached XP level 4. HP: 35/37 MP: 7/7
  1849 | D:3      | Found a hazy altar of Hepliaklqana.
  2281 | D:3      | Reached skill level 3 in Fighting
  2675 | D:3      | Killed from afar by an orc wizard

Vault maps used:
D:1:      minmay_arrival_four_loops
D:2:      kennysheep_generic_room_12
D:3:      nicolae_overflow_hidden_temple

Skill      XL: |  1  2  3  4 |
---------------+-------------+-----
Long Blades    | 2 |  2.8
Spellcasting   | 2 |  2.3
Dodging        | 2 |  2.2
Fighting       | 3 |  3.0
Throwing       | |  1.1
Armour         | |  0.6
Translocations | |  2.6

Action                   |  1- 3 |  4- 6 || total
-------------------------+-------+-------++-------
Melee: Falchion          |   107 |    71 ||   178
       Kick              |    23 |    16 ||    39
  Use: Scroll            |     1 |     1 ||     2
       Potion            |       |     1 ||     1
  Eat: Chunk             |       |     4 ||     4
       Ration            |       |     1 ||     1
Armor: Leather armour    |    28 |    22 ||    50
Dodge: Dodged            |    67 |    42 ||   109
       Rpst.: Falchion   |    17 |    14 ||    31

Table legend:
 A = Spawn XP
 B = Non-spawn XP
 C = Spawn XP percentage of total XP
 D = Spawn monster count
 E = Non-spawn monster count
 F = Spawn count percentage of total count
 G = Total turns spent on level
                    A         B        C        D         E        F      G
               +---------+---------+-------+---------+---------+-------+---------
         Total |       0 |     189 |   0.0 |       0 |      60 |   0.0 |  2675
               +---------+---------+-------+---------+---------+-------+---------
           D:1 |       0 |      37 |   0.0 |       0 |      21 |   0.0 |   643
           D:2 |       0 |      94 |   0.0 |       0 |      32 |   0.0 |  1072
           D:3 |       0 |      58 |   0.0 |       0 |       7 |   0.0 |   960
               +---------+---------+-------+---------+---------+-------+---------
